 Dungeon Crawl Stone Soup version 0.31.0-11-ge490571c62 (webtiles) character file.

Game seed: 15157338101767320522

430 Aldia the Shooter (level 7, -5/54 HPs)
             Began as a Formicid Hunter on Jan 27, 2024.
             Slain by an ogre
             ... wielding a +0 giant club
              (26 damage)
             ... on level 4 of the Dungeon.
             The game lasted 00:07:03 (2874 turns).

Aldia the Shooter (Formicid Hunter)                 Turns: 2874, Time: 00:07:03

Health: -5/54      AC:  6    Str: 16    XL:     7   Next: 19%
Magic:  7/7        EV: 11    Int:  8    God:
Gold:   135        SH:  0    Dex: 19    Spells: 6/6 levels left

rFire   . . .        a - +0 shortbow
rCold   . . .        (no shield)
rNeg    . . .        j - +1 ring mail
rPois   .            (helmet unavailable)
rElec   .            (no cloak)
rCorr   .            (no gloves)
SInv    +            (no boots)
Will    .....        (no amulet)
Stlth   ++           o - ring of wizardry
HPRegen 0.29/turn    (no ring)
MPRegen 0.10/turn

%: wizardry (x1)
@: no status effects
A: permanent stasis, dig shafts and tunnels, antennae 3, four strong arms
a: Dig, Shaft Self


You were on level 4 of the Dungeon.
You visited 1 branch of the dungeon, and saw 4 of its levels.

You collected 187 gold pieces.
You spent 52 gold pieces at shops.

Inventory:

Hand Weapons
 a - a +0 shortbow (weapon)
Missiles
 f - a throwing net
Armour
 c - a +0 leather armour
 j - a +1 ring mail (worn)
Jewellery
 o - a ring of wizardry (left hand)
Wands
 h - a wand of roots (6)
Scrolls
 b - a scroll of butterflies
 i - a scroll of vulnerability {unknown}
 k - a scroll of blinking {unknown}
 l - a scroll of immolation {unknown}
 n - a scroll of silence {unknown}
 q - a scroll of enchant armour
 s - a scroll of amnesia
 t - a scroll of fog {unknown}
 u - a scroll of noise {unknown}
Potions
 d - a potion of lignification
 e - a potion of cancellation {unknown}
 g - 2 potions of curing
 m - a potion of attraction {unknown}
 p - a potion of invisibility
 r - a potion of ambrosia {unknown}


   Skills:
 + Level 4.2 Fighting
 * Level 6.2 Ranged Weapons
 + Level 0.6 Armour
 - Level 2.0 Dodging
 + Level 4.5 Stealth


You had 6 spell levels left.
You didn't know any spells.
Your spell library contained the following spells:

 Spells                   Type           Power      Damage    Failure   Level
 Flame Wave               Conj/Fire      0%         2d4       96%         4
 Arcjolt                  Conj/Air       0%         1d10      100%        5
 Summon Mana Viper        Hex/Summ       0%         N/A       100%        5
 Malign Gateway           Summ/Tloc      0%         N/A       100%        7
 Ignition                 Fire           0%         3d3       100%        8
 Maxwell's Capacitive Co  Air            0%         ∞         100%        8
 Summon Horrible Things   Summ           0%         N/A       100%        8
 Vhi's Electric Charge    Tloc/Air       Unusable   N/A       N/A         4

Dungeon Overview and Level Annotations

Branches:
Dungeon (4/15)
 Temple: D:4-7

Altars:
Gozag
Hepliaklqana

Shops:
D:4 *


Innate Abilities, Weirdness & Mutations

You cannot be hasted, slowed, berserked, paralysed or teleported.
You can dig through walls and to a lower floor.
You have a pair of large antennae on your head. (SInv)
Your four strong arms can wield two-handed weapons with a shield.


Message History

No target in view!
Your movement speed is average.
Your attack delay is about 1.1 (and is slowed by your armour).
Your damage rating with your +0 shortbow is about 11 (Base 8 x 122% (Dex) x 119% (Skill)).
Unknown command.
A dart slug comes into view.
You shoot an arrow. The arrow hits the dart slug.
The dart slug is heavily wounded.
The dart slug launches a dart at you.
The slug dart hits you but does no damage.
You shoot an arrow. The arrow hits the dart slug.
The dart slug is severely wounded.
You shoot an arrow. The arrow hits the dart slug.
You kill the dart slug!
No target in view!
No target in view!
g - 2 potions of curing (gained 1)
Found a hazy altar of Hepliaklqana.
Found 8 stones.
You sense a monster nearby.
u - a scroll labelled SOORUT ATAGINT An ogre comes into view.
It is wielding a +0 giant club.
You shoot an arrow. The arrow hits the ogre.
The ogre is lightly wounded.
No target in view!
No target in view!
No target in view!
You shoot an arrow. The arrow hits the ogre!
The ogre is heavily wounded.
The ogre hits you with a +0 giant club!!
You shoot an arrow. The arrow hits the ogre!
The ogre is almost dead.
The ogre hits you with a +0 giant club!
You are too injured to fight recklessly!
You are too injured to fight recklessly!
You are too injured to fight recklessly!
You are too injured to fight recklessly!
You shoot an arrow. The arrow barely misses the ogre.
The ogre hits you with a +0 giant club!!
You die...

#......## #....... ##..
....... .... #.........
.... ######...........
#.. ..................
... ###.....#.......(.
#... ......O@#..#.....
#... ......#.#.......
#... ......#.......# #
#..
...........#..####<##..
........#.....##...##.##
......#...............##
......#.####.####.##..'.
#####.#.##.....##.....##
#.#.#.......#.....##


You could see an ogre.

Vanquished Creatures
  Grinder (D:3)
  A howler monkey (D:3)
  A hound (D:4)
  An iguana (D:4)
  4 adders
  A ribbon worm (D:2)
  3 dart slugs
  6 orcs
  12 endoplasms
  A giant cockroach (D:1)
  10 goblins
  6 hobgoblins
  6 jackals (D:3)
  2 quokkas
  9 ball pythons
  9 bats
  3 frilled lizards
  4 kobolds
  15 rats
95 creatures vanquished.

Notes
Turn   | Place    | Note
-------+----------+-------------------------------------------
     0 | D:1      | Aldia the Formicid Hunter began the quest for the Orb.
     0 | D:1      | Reached XP level 1. HP: 16/16 MP: 1/1
    76 | D:1      | Reached XP level 2. HP: 23/23 MP: 2/2
   319 | D:1      | Reached XP level 3. HP: 18/28 MP: 3/3
   379 | D:1      | Got the Monograph on Formation and Heat
   861 | D:2      | Reached XP level 4. HP: 34/34 MP: 4/4
  1163 | D:2      | Reached skill level 5 in Ranged Weapons
  1362 | D:3      | Reached XP level 5. HP: 32/41 MP: 5/5
  1867 | D:3      | Noticed Grinder
  1876 | D:3      | Killed Grinder
  1877 | D:3      | Reached skill level 6 in Ranged Weapons
  1877 | D:3      | Reached XP level 6. HP: 40/48 MP: 6/6
  2254 | D:4      | Reached XP level 7. HP: 54/54 MP: 7/7
  2439 | D:4      | Found Edoiph's General Store.
  2447 | D:4      | Bought a scroll of amnesia for 52 gold pieces
  2653 | D:4      | Found an opulent altar of Gozag.
  2854 | D:4      | Found a hazy altar of Hepliaklqana.
  2874 | D:4      | Slain by an ogre

Illustrated notes

Levels and vault maps discovered:
D:1:      minmay_arrival_doors, layout_rooms, minmay_pentomino_o2
D:2:      minmay_general_purpose_star, layout_basic, minmay_rat_gold_closets
D:3:      layout_loops_ring, uniq_grinder
D:4:      layout_basic, grunt_gozag_breadcrumbs, old_standard_altar,
          serial_shops, shop, grunt_ministairs_15, kennysheep_cross_bottleneck

Skill      XL: |  1  2  3  4  5 |
---------------+----------------+-----
Dodging        | 2 |  2.0
Stealth        | 2 4 |  4.5
Fighting       | 3 4 |  4.2
Ranged Weapons | 5 6 |  6.2
Armour         | |  0.6

Action                     |  1- 3 |  4- 6 |  7- 9 || total
---------------------------+-------+-------+-------++-------
   Fire: Shortbow          |    76 |   154 |    50 ||   280
    Use: Scroll            |       |       |     6 ||     6
 Armour: Leather armour    |     6 |    41 |       ||    47
         Ring mail         |       |       |    21 ||    21
  Dodge: Dodged            |    13 |    53 |    13 ||    79
